 Dungeon Crawl Stone Soup version 0.22-a0-196-gee22f27 (webtiles) character file.

1301 sunny1234 the Charmwright (level 8, -3/64 HPs)
             Began as a Gnoll Skald on Feb 17, 2018.
             Slain by an orc warrior
             ... wielding a +0 trident
              (10 damage)
             ... on level 6 of the Dungeon.
             The game lasted 00:10:46 (4828 turns).

sunny1234 the Charmwright (Gnoll Skald)             Turns: 4828, Time: 00:10:46

Health: -3/64      AC: 10    Str: 16    XL:     8   Next: 57%
Magic:  6/17       EV: 15    Int: 15    God:
Gold:   271        SH:  0    Dex: 15    Spells: 11/19 levels left

rFire    . . .     SeeInvis +   a - +0 short sword
rCold    . . .     Gourm    .   (no shield)
rNeg     . . .     Faith    .   b - +0 leather armour
rPois    .         Spirit   .   G - +2 helmet
rElec    .         Reflect  .   v - +0 cloak
rCorr    .         Harm     .   l - +0 pair of gloves (curse)
MR       .....                  z - +0 pair of boots
Stlth    ++........             o - amulet of regeneration
HPRegen  0.60/turn              r - ring of see invisible
MPRegen  0.15/turn              (no ring)

@: singing, slowed, very slow
A: distributed training, fangs 1, strong nose
a: no special abilities


You were on level 6 of the Dungeon.
You were hungry.

You visited 1 branch of the dungeon, and saw 6 of its levels.

You collected 271 gold pieces.

Inventory:

Hand Weapons
 a - a +0 short sword (weapon)
 u - a +3 quarterstaff of chaos
Armour
 b - a +0 leather armour (worn)
 l - a cursed +0 pair of gloves (worn)
 q - a +0 helmet
 v - a +0 cloak (worn)
 z - a +0 pair of boots (worn)
 G - a +2 helmet (worn)
Jewellery
 f - the ring of the Invisible Hand {+Fly MR- Dex+6, unknown}
   (You took it off Blork the orc on level 5 of the Dungeon)

   [ring of flight]

   It affects your dexterity (+6).
   It affects your resistance to hostile enchantments.
   It lets you fly.
 o - an amulet of regeneration (around neck)
 r - a ring of see invisible (left hand)
Wands
 t - a wand of digging (6)
 y - a wand of disintegration (19)
Scrolls
 e - 6 scrolls of identify {unknown}
 g - 6 scrolls of enchant weapon {unknown}
 i - 4 scrolls of teleportation {unknown}
 k - a scroll of enchant armour {unknown}
 n - a scroll of blinking {unknown}
 A - a scroll of fear {unknown}
 B - 2 scrolls of noise {unknown}
 D - 2 scrolls of remove curse {unknown}
 H - a scroll of fog {unknown}
Potions
 h - a potion of agility {unknown}
 j - a potion of berserk rage
 m - 3 potions of curing {unknown}
 p - 3 potions of resistance {unknown}
 s - a potion of brilliance {unknown}
 w - a potion of flight {unknown}
 x - a potion of cancellation {unknown}
 C - a potion of lignification {unknown}
 F - 2 potions of haste
Books
 c - a book of Battle

   Spells                             Type                      Level
   a - Infusion                       Charms                       1
   b - Shroud of Golubria             Charms/Translocation         2
   c - Song of Slaying                Charms                       2
   d - Spectral Weapon                Hexes/Charms                 3
   e - Regeneration                   Charms/Necromancy            3
Comestibles
 d - 8 rations


   Skills:
 + Level 5.7 Fighting
 + Level 5.7 Short Blades
 + Level 3.3 Long Blades
 + Level 3.3 Axes
 + Level 3.3 Maces & Flails
 + Level 3.3 Polearms
 + Level 3.3 Staves
 + Level 3.3 Slings
 + Level 3.3 Bows
 + Level 3.3 Crossbows
 + Level 3.3 Throwing
 + Level 4.2 Armour
 + Level 5.7 Dodging
 + Level 3.3 Stealth
 + Level 3.3 Shields
 + Level 3.3 Unarmed Combat
 + Level 6.1 Spellcasting
 + Level 2.7 Conjurations
 + Level 2.7 Hexes
 + Level 6.1 Charms
 + Level 2.7 Summonings
 + Level 2.7 Necromancy
 + Level 2.7 Translocations
 + Level 2.7 Transmutations
 + Level 2.7 Fire Magic
 + Level 2.7 Ice Magic
 + Level 2.7 Air Magic
 + Level 2.7 Earth Magic
 + Level 2.7 Poison Magic
 + Level 3.6 Invocations
 + Level 3.3 Evocations


You had 11 spell levels left.
You knew the following spells:

 Your Spells              Type           Power        Failure   Level  Hunger
a - Infusion              Chrm           ###.         1%          1    None
b - Song of Slaying       Chrm           ###.....     1%          2    #......
c - Regeneration          Chrm/Necr      ###.......   9%          3    ##.....
d - Shroud of Golubria    Chrm/Tloc      ###.......   4%          2    #......


Dungeon Overview and Level Annotations

Branches:
Dungeon (6/15)
 Temple: D:4-7

Altars:
Okawaru
Sif Muna


Innate Abilities, Weirdness & Mutations

Your experience applies equally to all skills.
You have very sharp teeth.
Your uncanny sense of smell can sniff out nearby items.


Message History

You bite the orc wizard.
The orc wizard is severely wounded.
The orc wizard closely misses you. The orc warrior misses you.
The orc wizard hits you but does no damage.
You hit the orc wizard.
You bite the orc wizard, but do no damage.
The orc wizard is almost dead.
The orc warrior misses you.
The orc wizard points at you and mumbles some strange words.
The magic dart hits you!
* * * LOW HITPOINT WARNING * * *
You closely miss the orc wizard.
The orc wizard is almost dead.
The orc warrior barely misses you. The orc wizard casts a spell at you.
You resist with some effort. The orc warrior barely misses you.
You hit the orc wizard.
You kill the orc wizard!
The orc warrior hits you from afar with a trident!
You die...

.. . ## .#
##.####.###
#.........#
+.....o...# .
#..).)....#.
#### #[@####...
#...###).##..##
#.............#
#.............#
#.............#
#.............#
#.............#
#.....<.......#
########...####


You could see an orc warrior.

Vanquished Creatures
  Sigmund (D:4)
  A phantom (D:6)
  An ice beast (D:5)
  2 ogres (D:4)
  Blork the orc (D:5)
  2 howler monkeys
  An orc priest (D:4)
  A jelly (D:5)
  2 orc wizards
  Crazy Yiuf (D:3)
  A bullfrog skeleton (D:5)
  2 iguanas
  Ijyb (D:3)
  Terence (D:2)
  A worker ant (D:4)
  Natasha (D:4)
  A hound skeleton (D:5)
  Robin (D:3)
  A howler monkey zombie (D:6)
  6 adders
  7 gnolls (D:3)
  An ooze (D:1)
  2 adder skeletons (D:4)
  4 worms
  A dart slug (D:1)
  2 leopard geckos
  27 orcs
  4 giant cockroaches
  15 goblins
  9 hobgoblins
  9 jackals
  3 quokkas
  7 bats
  8 frilled lizards
  6 kobolds
  A leopard gecko skeleton (D:4)
  A leopard gecko zombie (D:6)
  6 rats
142 creatures vanquished.

Notes
Turn   | Place    | Note
-------+----------+-------------------------------------------
     0 | D:1      | sunny1234 the Gnoll Skald began the quest for the Orb.
     0 | D:1      | Reached XP level 1. HP: 20/20 MP: 6/6
    54 | D:1      | Reached XP level 2. HP: 15/26 MP: 7/7
   521 | D:1      | Reached XP level 3. HP: 26/31 MP: 9/9
   935 | D:2      | Reached skill level 1 in Long Blades
   935 | D:2      | Reached skill level 1 in Axes
   935 | D:2      | Reached skill level 1 in Maces & Flails
   935 | D:2      | Reached skill level 1 in Polearms
   935 | D:2      | Reached skill level 1 in Staves
   935 | D:2      | Reached skill level 1 in Slings
   935 | D:2      | Reached skill level 1 in Bows
   935 | D:2      | Reached skill level 1 in Crossbows
   935 | D:2      | Reached skill level 1 in Throwing
   935 | D:2      | Reached skill level 1 in Stealth
   935 | D:2      | Reached skill level 1 in Shields
   935 | D:2      | Reached skill level 1 in Unarmed Combat
   935 | D:2      | Reached skill level 5 in Spellcasting
   935 | D:2      | Reached skill level 1 in Invocations
   935 | D:2      | Reached skill level 1 in Evocations
   935 | D:2      | Reached XP level 4. HP: 29/38 MP: 11/11
  1223 | D:2      | Noticed Terence
  1248 | D:2      | Killed Terence
  1248 | D:2      | Reached skill level 1 in Conjurations
  1248 | D:2      | Reached skill level 1 in Hexes
  1248 | D:2      | Reached skill level 1 in Summonings
  1248 | D:2      | Reached skill level 1 in Necromancy
  1248 | D:2      | Reached skill level 1 in Translocations
  1248 | D:2      | Reached skill level 1 in Transmutations
  1248 | D:2      | Reached skill level 1 in Fire Magic
  1248 | D:2      | Reached skill level 1 in Ice Magic
  1248 | D:2      | Reached skill level 1 in Air Magic
  1248 | D:2      | Reached skill level 1 in Earth Magic
  1248 | D:2      | Reached skill level 1 in Poison Magic
  1394 | D:2      | Reached XP level 5. HP: 43/43 MP: 12/12
  1796 | D:3      | Noticed Robin
  1819 | D:3      | Killed Robin
  1956 | D:3      | Learned a level 2 spell: Song of Slaying
  1960 | D:3      | Learned a level 3 spell: Regeneration
  1963 | D:3      | Learned a level 2 spell: Shroud of Golubria
  2053 | D:3      | Found a deep blue altar of Sif Muna.
  2098 | D:3      | Found a runed door.
  2246 | D:3      | Noticed Ijyb
  2273 | D:3      | Killed Ijyb
  2273 | D:3      | Reached XP level 6. HP: 47/50 MP: 13/13
  2781 | D:3      | Noticed Crazy Yiuf
  2793 | D:3      | Killed Crazy Yiuf
  2793 | D:3      | Reached skill level 5 in Fighting
  2793 | D:3      | Reached skill level 5 in Short Blades
  2793 | D:3      | Reached skill level 5 in Dodging
  3001 | D:4      | Noticed Sigmund
  3018 | D:4      | Killed Sigmund
  3018 | D:4      | Reached XP level 7. HP: 52/56 MP: 2/15
  3750 | D:4      | Noticed Natasha
  3757 | D:4      | Killed Natasha
  3757 | D:4      | Reached XP level 8. HP: 53/63 MP: 16/16
  3860 | D:5      | Entered Level 5 of the Dungeon
  4128 | D:5      | HP: 3/63 [orc (3)]
  4130 | D:5      | HP: 1/63 [orc (3)]
  4131 | D:5      | Noticed Blork the orc
  4136 | D:5      | HP: 3/63 [quokka (1)]
  4350 | D:5      | Killed Blork the orc
  4352 | D:5      | Got a steaming golden ring
  4383 | D:5      | Found an iron altar of Okawaru.
  4828 | D:6      | Slain by an orc warrior

Vault maps used:
D:1:      dpeg_arrival_tiny_h, minmay_heptomino_w4
D:2:      uniq_terence
D:3:      nicolae_overflow_hidden_temple, first_ration,
          kennysheep_generic_room_5, uniq_robin, uniq_crazy_yiuf_cottage,
          uniq_ijyb
D:4:      uniq_sigmund, uniq_natasha
D:5:      basic_altar, uniq_blork_the_orc
D:6:      minitemple, minmay_temple_entry_statues_fountains, uniq_menkaure

Skill      XL: |  1  2  3  4  5  6  7  8 |
---------------+-------------------------+-----
Long Blades    | 1 2 3 |  3.3
Axes           | 1 2 3 |  3.3
Maces & Flails | 1 2 3 |  3.3
Polearms       | 1 2 3 |  3.3
Staves         | 1 2 3 |  3.3
Slings         | 1 2 3 |  3.3
Bows           | 1 2 3 |  3.3
Crossbows      | 1 2 3 |  3.3
Throwing       | 1 2 3 |  3.3
Stealth        | 1 2 3 |  3.3
Shields        | 1 2 3 |  3.3
Unarmed Combat | 1 2 3 |  3.3
Spellcasting   | 5 6 |  6.1
Invocations    | 1 2 3 |  3.6
Evocations     | 1 2 3 |  3.3
Conjurations   | 1 2 |  2.7
Hexes          | 1 2 |  2.7
Summonings     | 1 2 |  2.7
Necromancy     | 1 2 |  2.7
Translocations | 1 2 |  2.7
Transmutations | 1 2 |  2.7
Fire Magic     | 1 2 |  2.7
Ice Magic      | 1 2 |  2.7
Air Magic      | 1 2 |  2.7
Earth Magic    | 1 2 |  2.7
Poison Magic   | 1 2 |  2.7
Armour         | 3 4 |  4.2
Fighting       | 5 |  5.7
Short Blades   | 5 |  5.7
Dodging        | 5 |  5.7
Charms         | 6 |  6.1

Action                   |  1- 3 |  4- 6 |  7- 9 || total
-------------------------+-------+-------+-------++-------
Melee: Short sword       |    91 |   306 |   357 ||   754
       Bite              |     9 |    32 |    41 ||    82
       Punch             |       |     1 |     4 ||     5
 Cast: Infusion          |       |     8 |     3 ||    11
       Song of Slaying   |       |     5 |     5 ||    10
       Shroud of Golubri |       |     1 |     7 ||     8
 Stab: Sleeping          |     1 |     3 |     4 ||     8
  Eat: Chunk             |       |     7 |     6 ||    13
Armor: Leather armour    |    21 |    50 |    62 ||   133
Dodge: Dodged            |    65 |   193 |   260 ||   518

Table legend:
 A = Spawn XP
 B = Non-spawn XP
 C = Spawn XP percentage of total XP
 D = Spawn monster count
 E = Non-spawn monster count
 F = Spawn count percentage of total count
 G = Total turns spent on level
                    A         B        C        D         E        F      G
               +---------+---------+-------+---------+---------+-------+---------
         Total |       0 |    1859 |   0.0 |       0 |     142 |   0.0 |  4828
               +---------+---------+-------+---------+---------+-------+---------
           D:1 |       0 |      37 |   0.0 |       0 |      21 |   0.0 |   905
           D:2 |       0 |     132 |   0.0 |       0 |      18 |   0.0 |   679
           D:3 |       0 |     295 |   0.0 |       0 |      50 |   0.0 |  1354
           D:4 |       0 |     768 |   0.0 |       0 |      29 |   0.0 |  1107
           D:5 |       0 |     433 |   0.0 |       0 |      17 |   0.0 |   722
           D:6 |       0 |     194 |   0.0 |       0 |       7 |   0.0 |    61
               +---------+---------+-------+---------+---------+-------+---------
